Map: Mech Depot LE

Players

Juxtapose - Winner!

  • Race: Protoss Protoss
  • League: Gold
  • Spawn Location: 7:00

LaggingTroll

  • Race: Protoss Protoss
  • League: Gold
  • Spawn Location: 1:00

VOD

https://youtu.be/X6HLD6-3-5c

Description

Originally I intended to open with an Oracle harass, but I started the match slow and sluggish. I've been on the receiving end of Void Rays before, so this time I decided to use them myself.

I recalled a discussion on the official Protoss board in which lower League Protoss players have trouble with, and can't seem to counter, Void Rays, and that's what I was counting on here.

My opponent kept Warping in more and more Stalkers, and the match was overall very close, but again, if a strategy doesn't seem to be working, perhaps switching it up is a better solution.

Time

  • Played on: Aug. 7, 2017, 11:47 a.m.
  • Length: 17:52
Show
View Real Time Build Order
Export as new Build Order

Juxtapose Protoss - Winner!

Build Orders:  

Get SALT Encoding   

  12  0:01  Probe (Chrono Boost)  
  13  0:12  Probe (Chrono Boost)  
  14  0:22  Pylon  
  14  0:23  Probe (Chrono Boost)  
  15  0:41  Probe (Chrono Boost)  
  15  0:42  Gateway  
  16  0:51  Probe (Chrono Boost)  
  17  1:02  Probe (Chrono Boost)  
  18  1:06  Assimilator  
  18  1:12  Probe (Chrono Boost)  
  18  1:17  Pylon  
  19  1:23  Probe (Chrono Boost)  
  20  1:35  Cybernetics Core  
  20  1:46  Probe (Chrono Boost)  
  21  1:49  Pylon  
  21  1:55  Assimilator  
  21  1:59  Zealot  
  23  2:02  Probe (Chrono Boost)  
  23  2:08  Pylon  
  24  2:13  Probe (Chrono Boost)  
  25  2:24  Mothership Core (Chrono Boost)  
  28  2:50  Stargate  
  27  2:55  Stalker  
  29  3:11  Warp Gate (Chrono Boost)  
  29  3:22  Gateway  
  29  3:25  Pylon  
  29  3:29  Gateway  
  29  3:30  Gateway  
  29  3:34  Twilight Council  
  29  3:52  Pylon  
  29  4:04  Nexus  
  29  4:05  Pylon  
  29  4:09  Pylon  
  29  4:15  Pylon  
  29  4:37  Void Ray  
  33  4:41  Stalker  
  35  4:48  Probe  
  36  5:17  Probe  
  36  5:20  Void Ray  
  41  5:21  Probe  
  42  5:32  Stalker x2  
  42  5:33  Stalker  
  48  5:45  Blink (Chrono Boost)  
  48  5:52  Forge  
  48  5:53  Probe  
  48  5:54  Probe  
  50  6:04  Probe, Sentry  
  50  6:05  Sentry  
  50  6:06  Probe  
  56  6:14  Probe  
  57  6:22  Assimilator  
  57  6:23  Assimilator  
  57  6:25  Probe  
  59  6:35  Probe  
  60  6:46  Probe, Void Ray  
  64  6:57  Probe  
  64  6:58  Stalker  
  64  6:59  Sentry  
  69  7:05  Stalker x2  
  69  7:07  Probe  
  74  7:18  Probe  
  75  7:28  Void Ray (Chrono Boost)  
  79  7:30  Robotics Facility  
  79  7:40  Stalker  
  79  7:41  Stalker  
  83  7:44  Probe  
  84  7:55  Probe  
  85  8:07  Void Ray (Chrono Boost)  
  89  8:13  Stalker x2  
  89  8:15  Probe  
  94  8:25  Probe  
  94  8:31  Observer (Chrono Boost)  
  96  8:46  Void Ray  
  100  8:54  Stalker  
  102  9:16  Nexus  
  102  9:19  Pylon x2  
  102  9:25  Pylon  
  63  10:19  Stalker x3  
  63  10:20  Stalker  
  71  10:22  Void Ray  
  73  10:36  Mothership Core  
  73  10:41  Probe  
  76  10:52  Probe  
  76  10:56  Photon Cannon  
  77  11:03  Charge (Chrono Boost), Assimilator  
  77  11:05  Void Ray  
  77  11:06  Zealot  
  77  11:07  Zealot x3  
  89  11:13  Warp Prism  
  91  11:31  Protoss Ground Weapons Level 1  
  91  11:32  Probe  
  92  11:40  Assimilator  
  92  11:42  Probe  
  93  11:48  Void Ray  
  93  11:49  Observer  
  93  11:53  Probe  
  81  12:11  Immortal (Chrono Boost)  
  79  12:15  Zealot  
  79  12:16  Zealot x3  
  87  12:25  Probe  
  88  12:31  Void Ray  
  88  12:36  Probe  
  92  12:37  Stargate  
  93  12:47  Probe  
  93  12:48  Immortal (Chrono Boost)  
  97  12:53  Zealot x3  
  97  12:54  Zealot  
  97  12:57  Probe  
  106  13:08  Probe  
  107  13:18  Probe  
  103  13:22  Immortal (Chrono Boost)  
  108  13:28  Pylon  
  108  13:31  Stalker x4  
  112  13:34  Pylon  
  112  13:48  Void Ray  
  112  13:49  Void Ray  
  112  13:52  Protoss Air Weapons Level 1, Probe  
  121  13:57  Zealot x2  
  121  13:58  Zealot  
  121  14:02  Probe  
  128  14:21  Stalker  
  130  14:25  Zealot x3  
  130  14:31  Void Ray  
  136  14:35  Void Ray  
  86  15:07  Stalker x3  
  86  15:08  Stalker  
  86  15:14  Nexus, Void Ray  
  98  15:17  Pylon  
  98  15:18  Void Ray  
  98  15:21  Pylon  
  86  15:41  Mothership Core  
  86  15:47  Stalker x3  
  86  15:49  Stalker  
  90  16:07  Zealot  
  92  16:16  Void Ray  
  92  16:17  Void Ray  
  100  16:19  Gateway  
  100  16:20  Gateway, Warp Prism (Chrono Boost)  
  100  16:25  Assimilator  
  102  16:27  Assimilator  
  102  16:45  Stalker x3  
  102  16:46  Stalker  
  110  16:51  Immortal (Chrono Boost)  
  114  16:59  Void Ray  
  105  17:31  Stalker  
  105  17:32  Nexus  
  105  17:33  Stalker x3  
  105  17:34  Pylon  
  96  17:38  Pylon  
Show
View Real Time Build Order
Export as new Build Order

LaggingTroll Protoss 

Build Orders:  

Get SALT Encoding   

  12  0:02  Probe (Chrono Boost)  
  13  0:13  Probe (Chrono Boost)  
  14  0:18  Pylon  
  14  0:30  Probe (Chrono Boost)  
  15  0:40  Gateway  
  15  0:43  Assimilator  
  15  0:47  Probe (Chrono Boost)  
  16  0:57  Probe (Chrono Boost)  
  17  1:12  Pylon  
  17  1:14  Probe (Chrono Boost), Assimilator  
  18  1:25  Probe (Chrono Boost)  
  19  1:33  Cybernetics Core  
  19  1:42  Probe (Chrono Boost)  
  20  2:06  Probe (Chrono Boost)  
  21  2:11  Warp Gate  
  21  2:17  Mothership Core (Chrono Boost)  
  21  2:20  Nexus  
  23  2:29  Stalker  
  25  2:35  Probe (Chrono Boost)  
  26  2:49  Gateway  
  26  2:58  Pylon  
  26  2:59  Probe (Chrono Boost)  
  27  3:11  Stalker  
  29  3:17  Pylon  
  29  3:18  Probe (Chrono Boost)  
  30  3:27  Gateway  
  30  3:30  Probe (Chrono Boost)  
  30  3:33  Probe (Chrono Boost)  
  32  3:49  Probe x2 (Chrono Boost)  
  32  3:52  Adept  
  36  3:56  Sentry  
  38  4:05  Probe x2 (Chrono Boost)  
  40  4:13  Robotics Facility  
  40  4:18  Forge, Probe (Chrono Boost)  
  41  4:25  Probe (Chrono Boost)  
  41  4:29  Probe (Chrono Boost)  
  43  4:36  Probe (Chrono Boost)  
  43  4:38  Pylon  
  44  4:39  Adept  
  44  4:40  Sentry  
  44  4:41  Sentry  
  50  4:53  Pylon, Probe (Chrono Boost)  
  50  4:54  Probe (Chrono Boost)  
  50  4:59  Protoss Ground Weapons Level 1 (Chrono Boost)  
  52  5:02  Observer  
  53  5:08  Assimilator  
  53  5:11  Assimilator  
  53  5:13  Probe  
  53  5:14  Probe, Photon Cannon  
  55  5:19  Photon Cannon  
  55  5:21  Observer  
  55  5:22  Adept  
  55  5:25  Adept  
  60  5:29  Adept  
  62  5:39  Twilight Council  
  62  5:49  Observer  
  63  6:05  Immortal  
  63  6:07  Adept x2  
  71  6:13  Nexus  
  71  6:18  Resonating Glaives (Chrono Boost)  
  71  6:26  Adept  
  71  6:27  Adept  
  71  6:28  Adept  
  71  6:32  Pylon  
  77  6:36  Pylon, Protoss Ground Armor Level 1 (Chrono Boost)  
  77  6:44  Probe  
  78  6:52  Photon Cannon  
  78  7:17  Immortal  
  78  7:18  Stalker x2  
  78  7:19  Stalker  
  88  7:28  Probe x2  
  90  7:32  Probe  
  91  7:40  Probe x2  
  93  7:51  Adept x2, Warp Prism  
  93  7:52  Adept  
  93  7:55  Probe x3  
  104  7:58  Blink (Chrono Boost)  
  104  7:59  Photon Cannon  
  104  8:02  Pylon  
  104  8:07  Probe  
  104  8:12  Stalker  
  107  8:13  Stalker  
  109  8:23  Pylon x2, Probe x2  
  111  8:27  Photon Cannon  
  111  8:31  Photon Cannon  
  111  8:33  Probe  
  112  8:34  Pylon  
  112  8:35  Probe  
  113  8:53  Adept x2, Immortal  
  113  8:54  Adept  
  123  9:14  Gateway  
  122  9:18  Gateway, Stalker x3  
  128  9:25  Probe x2  
  128  9:26  Gateway, Probe  
  128  9:27  Gateway  
  128  9:30  Gateway  
  129  9:52  Stalker x2  
  113  9:53  Stalker  
  93  10:16  Stalker x2  
  93  10:17  Stalker  
  99  10:29  Gateway  
  93  10:37  Stalker x2  
  93  10:41  Stalker  
  93  10:42  Stalker x2  
  103  10:53  Pylon  
  103  10:55  Pylon, Gateway  
  103  11:03  Gateway  
  103  11:04  Gateway  
  103  11:10  Stalker  
  103  11:11  Protoss Ground Weapons Level 2, Stalker x3  
  109  11:13  Stalker, Immortal  
  117  11:34  Stalker x2  
  117  11:35  Stalker x3  
  127  11:48  Immortal  
  131  11:59  Stalker x4  
  131  12:00  Stalker  
  121  12:21  Photon Cannon  
  121  12:23  Pylon  
  121  12:24  Observer  
  121  12:25  Pylon  
  121  12:29  Stalker x2  
  126  12:30  Stalker x3  
  126  12:31  Stalker x3  
  101  13:35  Stalker  
  101  13:36  Stalker x5  
  101  13:37  Stalker x2  
  101  13:40  Immortal  
  119  14:02  Templar Archives  
  119  14:04  Stalker x3  
  119  14:05  Stalker x5  
  135  14:20  Nexus  
  135  14:26  Pylon  
  93  14:49  Stalker x3  
  93  14:50  Stalker x4  
  93  14:51  Stalker  
  92  15:14  Stalker  
  92  15:15  Stalker x6  
  92  15:16  Stalker  
  90  15:38  Stalker  
  90  15:39  Stalker x5  
  102  16:03  Stalker x2  
  102  16:04  Stalker x3  
  110  16:34  Stalker x5  
  110  16:35  Stalker  
  122  17:01  Nexus  
  121  17:14  Assimilator  
  121  17:17  Assimilator  
Tags
 
League
GoldGold
Matchup
PvP
Spawn Locations
Cross Positions
Add a new tag
Caveats
  • Supply blocks, unpowered buildings, or Contaminate may cause inaccurate times.
  • Supply counts are checked every 10 seconds.